 Dungeon Crawl Stone Soup version 0.20.1-1-g8b1a95d (webtiles) character file.

50 n0claF the Chopper (level 3, -1/30 HPs)
             Began as a Minotaur Gladiator on Oct 27, 2017.
             Was an Initiate of Okawaru.
             Slain by Sigmund
             ... wielding a +0 scythe
              (8 damage)
             ... on level 2 of the Dungeon.
             The game lasted 00:02:42 (1011 turns).

n0claF the Chopper (Minotaur Gladiator)             Turns: 1011, Time: 00:02:43

Health: -1/30      AC:  3    Str: 19    XL:     3   Next: 55%
Magic:  2/2        EV: 13    Int:  5    God:    Okawaru [......]
Gold:   66         SH:  0    Dex: 11    Spells: 2/2 levels left

rFire    . . .     SeeInvis .   a - +0 war axe
rCold    . . .     Gourm    .   (no shield)
rNeg     . . .     Faith    .   b - +0 leather armour
rPois    .         Spirit   .   c - +0 hat
rElec    .         Reflect  .   (no cloak)
rCorr    .         Harm     .   (no gloves)
MR       .....                  (no boots)
Stlth    +.........             (no amulet)
Regen    0.1/turn               (no ring)
MPRegen  0.1/turn               (no ring)

@: no status effects
A: retaliatory headbutt, horns 2
a: Renounce Religion


You were on level 2 of the Dungeon.
You worshipped Okawaru.
Okawaru was noncommittal.
You were not hungry.

You visited 1 branch of the dungeon, and saw 2 of its levels.

You collected 66 gold pieces.

Inventory:

Hand Weapons
 a - a +0 war axe (weapon)
Missiles
 d - 3 throwing nets (quivered)
Armour
 b - a +0 leather armour (worn)
 c - a +0 hat (worn)
Scrolls
 j - a scroll of identify {unknown}
 k - a scroll of teleportation {unknown}
 l - a scroll of remove curse {unknown}
 o - a scroll of magic mapping {unknown}
Potions
 e - a potion of magic {unknown}
 h - a potion of curing {unknown}
 m - 2 potions of lignification {unknown}
 n - a potion of agility {unknown}
 p - a potion of might {unknown}
Comestibles
 f - 2 bread rations
 g - 2 fruits
 i - 2 royal jellies


   Skills:
 + Level 2.6 Fighting
 + Level 4.5 Axes
 + Level 2.0 Throwing
 + Level 0.5 Armour
 + Level 4.1 Dodging


You had 2 spell levels left.
You didn't know any spells.

Dungeon Overview and Level Annotations

Branches:
Dungeon (2/15)

Altars:
Ashenzari
Okawaru

Annotations:
D:2 Sigmund


Innate Abilities, Weirdness & Mutations

You reflexively headbutt those who attack you in melee.
You have a pair of horns on your head.


Message History

There is a stone staircase leading up here.
Something hits you.
There is a stone staircase leading up here.
You hear some strange, mumbled words.
A puff of flame appears from out of thin air!
The puff of flame misses you.
There is a stone staircase leading up here.
You closely miss something. Something hits you.
You slash something!
You hear some strange, mumbled words.
A magic dart appears from out of thin air!
The magic dart hits you!
* * * LOW HITPOINT WARNING * * *
You barely miss something. Something hits you.
* * * LOW HITPOINT WARNING * * *
You closely miss something.
You hear some strange, mumbled words.
Something tries to affect you, but you resist.
You miss something. Something hits you!
You die...

..♣...#..#
...........
........####
#.....### ##
#####.... .####
####.# ....# #### #..
###...# ...#
#.#######..)#
...######...##..@{###
...#..........†####
.....######.####
...## #..### ....##
##...# .....# ###.#
...#.# #.## #### .
#..# ### ##.#


There were no monsters in sight!

Vanquished Creatures
  3 adders (D:2)
  A worm (D:2)
  A bat (D:2)
  A giant cockroach (D:2)
  3 goblins
  4 hobgoblins
  2 jackals (D:2)
  2 kobolds
  4 rats
21 creatures vanquished.

Notes
Turn   | Place    | Note
-------+----------+-------------------------------------------
     0 | D:1      | n0claF the Minotaur Gladiator began the quest for the Orb.
     0 | D:1      | Reached XP level 1. HP: 18/18 MP: 0/0
    75 | D:1      | Found a shattered altar of Ashenzari.
   613 | D:2      | Reached XP level 2. HP: 16/25 MP: 1/1
   619 | D:2      | Found an iron altar of Okawaru.
   745 | D:2      | Became a worshipper of Warmaster Okawaru
   798 | D:2      | Reached XP level 3. HP: 21/30 MP: 2/2
   994 | D:2      | Noticed Sigmund
  1011 | D:2      | Slain by Sigmund

Skill      XL: |  1  2  3 |
---------------+----------+-----
Axes           | 4 |  4.5
Dodging        | 4 |  4.1
Fighting       | |  2.6
Throwing       | |  2.0
Armour         | |  0.5

Action                   || total
-------------------------++-------
Melee: War axe           ||    44
       Headbutt          ||     3
Armor: Leather armour    ||    10
Dodge: Dodged            ||    44
